 Dungeon Crawl Stone Soup version 0.30-a0-722-g3e6e8c874d (webtiles) character file.

Game seed: 12945756415062903220

7 theblackgale the Stinger (level 1, -3/13 HPs)
             Began as a Demonspawn Venom Mage on Jan 27, 2023.
             Slain by a worm (6 damage)
             ... on level 3 of the Dungeon.
             The game lasted 00:03:45 (212 turns).

theblackgale the Stinger (Demonspawn Venom Mage)     Turns: 212, Time: 00:03:45

Health: -3/13      AC:  6    Str:  8    XL:     1   Next: 83%
Magic:  2/3        EV:  8    Int: 16    God:
Gold:   13         SH:  0    Dex: 13    Spells: 3/4 levels left

rFire   . . .      SeeInvis .    d - +0 whip
rCold   . . .      Faith    .    (no shield)
rNeg    . . .      Spirit   .    c - +0 scale mail
rPois   .          Reflect  .    (no helmet)
rElec   .          Harm     .    (no cloak)
rCorr   .          Rampage  .    (no gloves)
Will    .....                    (no boots) Stlth
                                 (no amulet)
HPRegen 0.22/turn                (no ring)
MPRegen 0.08/turn                (no ring)

@: no status effects
A: no striking features
a: no special abilities


You were on level 3 of the Dungeon.
You visited 1 branch of the dungeon, and saw 3 of its levels.

You collected 13 gold pieces.

Inventory:

Hand Weapons
 d - a +0 whip (weapon)
Armour
 a - a +0 robe
 c - a +0 scale mail (worn)
Potions
 b - a potion of magic


   Skills:
 + Level 1.7 Dodging
 + Level 1.7 Stealth
 + Level 2.0 Spellcasting
 + Level 0.8 Transmutations
 + Level 3.5 Poison Magic


You had 3 spell levels left.
You knew the following spells:

 Your Spells              Type           Power      Damage    Failure   Level
a - Sting                 Tmut/Pois      32%        1d4       65%         1

Your spell library contained the following spells:

 Spells                   Type           Power      Damage    Failure   Level
 Poisonous Vapours        Pois/Air       14%        N/A       83%         2
 Summon Small Mammal      Summ           4%         N/A       91%         1
 Call Canine Familiar     Summ           1%         N/A       99%         3
 Mephitic Cloud           Conj/Pois/Air  5%         N/A       99%         3
 Ozocubu's Armour         Ice            1%         N/A       99%         3
 Summon Guardian Golem    Hex/Summ       1%         N/A       99%         3
 Olgreb's Toxic Radiance  Pois           12%        N/A       99%         4
 Metabolic Englaciation   Hex/Ice        0%         N/A       100%        5
 Simulacrum               Ice/Necr       0%         N/A       100%        6


Dungeon Overview and Level Annotations

Branches:
Dungeon (3/15)

Altars:


Message History

Confirm with . or Enter, or press ? or * to list all spells.
Aiming: Sting (safe; 65% risk of failure)
Press: ? - help, Shift-Dir - straight line, f/p - worm
Aim: a worm (severely wounded, 89% to hit)
You miscast Sting.
Nothing appears to happen.
The worm bites you but does no damage.
You hit the worm.
The worm is almost dead.
The worm bites you!
Ouch! That really hurt!
* * * LOW HITPOINT WARNING * * *
Casting: Sting (safe; 65% risk of failure)
Confirm with . or Enter, or press ? or * to list all spells.
Aiming: Sting (safe; 65% risk of failure)
Press: ? - help, Shift-Dir - straight line, f/p - worm
Aim: a worm (almost dead, 89% to hit)
You miscast Sting.
Nothing appears to happen.
Casting: Sting (safe; 65% risk of failure)
Confirm with . or Enter, or press ? or * to list all spells.
You don't have enough magic to cast this spell.
Found 3 atropa-tipped darts.
Your magical contamination has completely faded away.
Found an inky potion.
A ball python comes into view.
Found a stone staircase leading down.
The ball python hisses angrily.
You see here 3 atropa-tipped darts.
The ball python attacks as you move away!
The ball python bites you but does no damage.
Found a scroll labelled XIBEOHAHASU.
The ball python completely misses you. The ball python grabs you.
The ball python constricts you.
You escape the ball python's grasp.
There is a stone staircase leading down here.
The worm bites you.
* * * LOW HITPOINT WARNING * * *
You climb downwards.
There is a stone staircase leading up here.
Found a stone staircase leading down.
The worm bites you.
You die...

##########
#..<.....#
#.#.#w.#.#
# #.#.@# #
#.#..#
#....#
####.# ...
.>. ...
....#


You could see a worm.

Vanquished Creatures
  A ball python (D:2)
  A bat (D:2)
  A hobgoblin (D:2)
  A kobold (D:2)
  A quokka (D:2)
5 creatures vanquished.

Notes
Turn   | Place    | Note
-------+----------+-------------------------------------------
     0 | D:1      | theblackgale the Demonspawn Venom Mage began the quest for
                  | the Orb.
     0 | D:1      | Reached XP level 1. HP: 13/13 MP: 3/3
   164 | D:2      | l
   212 | D:3      | Slain by a worm

Illustrated notes

.........#####.#
.............#
.#...#.......#.#
###.#.........# #
#.#####.#####.#
###.### #.###...#
..#.....###.....#
..............###
.......@.#####..#
........<# ...#
.........# ...#
.........# ...
.......... ...
##.....$...
.........#w
.........#..


Turn 164 on D:2: l

Levels and vault maps discovered:
D:1:      dpeg_arrival_line_fractal, layout_basic
D:2:      layout_basic, basic_ecumenical_altar, serial_shops, shop,
          nicolae_wormholes
D:3:      layout_basic, overflow_temple_1_default, serial_shops,
          nicolae_shop_temple_entry_statues_fountains,
          kennysheep_generic_room_14

Action                     || total
---------------------------++-------
  Melee: Whip              ||    42
   Cast: Sting             ||     2
 Armour: Scale mail        ||    27
  Dodge: Dodged            ||    12

Table legend: (Time is in decaauts)
 A = Elapsed time spent in this place.
 B = Non-inter-level travel time spent in this place.
 C = Inter-level travel time spent in this place.
 D = Time resting spent in this place.
 E = Time spent auto-exploring this place.
 F = Levels seen in this place.
 G = Mean time per level.
                   A        B        C        D        E       F      G
               +--------+--------+--------+--------+--------+-----+--------+
         Total |    215 |    164 |     51 |     36 |      0 |   3 |   71.7 |
       Dungeon |    215 |    164 |     51 |     36 |      0 |   3 |   71.7 |
               +--------+--------+--------+--------+--------+-----+--------+

Top non-repeatable levels by time:
     D:2: 208 daAuts
     D:3: 4 daAuts
     D:1: 2 daAuts
